 Dungeon Crawl Stone Soup version 0.23.2-1-ga50397a (webtiles) character file.

Game seed: 1252343112367731925

674 Kairos the Grave Robber (level 7, 0/55 HPs)
             Began as a Ghoul Necromancer on Apr 24, 2019.
             Slain by a sky beast (5 damage)
             ... on level 5 of the Dungeon.
             The game lasted 00:19:42 (5748 turns).

Kairos the Grave Robber (Ghoul Necromancer)         Turns: 5748, Time: 00:19:42

Health: 0/55       AC:  5    Str: 13      XL:     7   Next: 59%
Magic:  1/11       EV: 12    Int: 10 (11) God:
Gold:   253        SH:  3    Dex: 15      Spells: 9/13 levels left

rFire    . . .     SeeInvis .     - Unarmed
rCold    + . .     Gourm    .   l - +0 buckler
rNeg     + + +     Faith    .   n - +0 ring mail
rPois    ∞         Spirit   .   (no helmet)
rElec    .         Reflect  .   d - scarf {repulsion}
rCorr    .         Harm     .   (no gloves)
MR       .....                  (no boots)
Stlth    ++........             q - amulet of regeneration
HPRegen  0.00/turn              y - +6 ring of dexterity
MPRegen  0.12/turn              o - +1 ring of evasion

@: rotting, repel missiles
A: rotting body, claws 1, carnivore, cold resistance 1, negative energy
resistance 3, inhibited regeneration, torment resistance, unbreathing
a: no special abilities


You were on level 5 of the Dungeon.
You were not hungry.

You visited 1 branch of the dungeon, and saw 5 of its levels.
You also visited: Ossuary.

You collected 253 gold pieces.

Inventory:

Hand Weapons
 r - a +0 mace
Missiles
 w - 3 javelins (quivered)
Armour
 a - a +0 robe
 d - a scarf of repulsion (worn)
 l - a +0 buckler (worn)
 n - a +0 ring mail (worn)
 s - a +0 shield
 A - the +0 pair of fencer's gloves {Riposte Dex+3}
   (You found it on level 4 of the Dungeon)

   It affects your dexterity (+3).
Jewellery
 o - a +1 ring of evasion (right claw)
 q - an amulet of regeneration (around neck)
 y - a +6 ring of dexterity (left claw)
 z - an uncursed ring of protection from cold
Wands
 f - a wand of paralysis (7)
Scrolls
 b - 2 scrolls of enchant weapon
 g - a scroll of fear
 h - 2 scrolls of teleportation
 i - 3 scrolls of amnesia
 m - a scroll of remove curse
 p - 2 scrolls of fog
 u - a scroll of magic mapping {unknown}
 v - a scroll of identify
 B - a scroll of blinking {unknown}
Potions
 e - 2 potions of flight
 j - 2 potions of invisibility
 k - a potion of haste
 t - 4 potions of brilliance
 x - a potion of agility
 C - a potion of degeneration {unknown}
Comestibles
 c - 8 rations


   Skills:
 + Level 2.0 Fighting
 + Level 0.3 Throwing
 + Level 1.4 Armour
 + Level 2.4 Dodging
 + Level 2.8 Stealth
 + Level 0.3 Shields
 + Level 3.7 Unarmed Combat
 + Level 3.5 Spellcasting
 + Level 6.0 Necromancy


You had 9 spell levels left.
You knew the following spells:

 Your Spells              Type           Power        Failure   Level  Hunger
a - Pain                  Necr           ##..         8%          1    #......
b - Regeneration          Chrm/Necr      #.........   61%         3    ###....

Your spell library contained the following spells:

 Spells                   Type           Power        Failure   Level  Hunger
 Animate Skeleton         Necr           N/A          8%          1    #......
 Vampiric Draining        Necr           ##........   22%         3    ###....
 Animate Dead             Necr           N/A          58%         4    #####..


Dungeon Overview and Level Annotations

Branches:
Dungeon (5/15)
 Temple: D:4-7

Altars:
Fedhas
Hepliaklqana
Makhleb
Xom


Innate Abilities, Weirdness & Mutations

Your body is rotting away.
You thrive on raw meat.
You are immune to poison.
You have sharp fingernails.
You are carnivorous and can eat meat at any time.
Your flesh is cold resistant. (rC+)
You are immune to negative energy. (rN+++)
You do not regenerate when monsters are visible.
You are immune to unholy pain and torment.
You can survive without breathing.


Message History

The sky beast hits you but does no damage.
The sky beast flickers out of sight!
Deactivating autopickup; reactivate with Ctrl-A.
A sky beast appears from thin air!
Reactivating autopickup.
Throwing (i - inventory)
w - 5 javelins (quivered)
Press: ? - help, Shift-Dir - straight line, f/p - sky beast
Aim: a sky beast (severely wounded)
You throw a javelin. The javelin hits the sky beast.
The sky beast is severely wounded.
The sky beast barely misses you.
Throwing (i - inventory)
w - 4 javelins (quivered)
Press: ? - help, Shift-Dir - straight line, f/p - sky beast
Aim: a sky beast (severely wounded)
You throw a javelin.
The javelin closely misses the sky beast.
The sky beast barely misses you. The sky beast hits you.
* * * LOW HITPOINT WARNING * * *
The sky beast shocks you.
You die...

#.###.##..........).<..#.# #
#.....##.....<..#..#####.# #
#.........##..#......#.######
#
#######.#..................?#
# #.##.#..#.#..#.######.#
#.##.#..#.####.#
#.......#......#
####.#.#####...#
#.....@Y....(###
#.###.###..÷....# .#
##.##.......# #.##.......#
##.##.......# ####.
#..##.......# #....
#...#.##.......####.#
#####.##..........#.##.
####...########........


You could see a sky beast.

Vanquished Creatures
  3 scorpions
  2 human zombies (Ossuary)
  An orc priest (D:3)
  2 orc wizards (D:3)
  An iguana (D:4)
  3 worker ants
  A hound zombie (Ossuary)
  4 mummies (Ossuary)
  4 gnolls (D:5)
  6 adders
  A shadow imp (D:5)
  2 oozes
  An adder skeleton (D:4)
  A worm (D:2)
  5 dart slugs (D:1)
  5 leopard geckos
  9 orcs
  5 giant cockroaches
  2 gnoll zombies (Ossuary)
  3 hobgoblins
  7 jackals
  3 quokkas
  4 bats
  9 frilled lizards
  3 goblins
  A goblin zombie (Ossuary)
  A jackal skeleton (D:2)
  9 kobolds
  A kobold zombie (Ossuary)
  4 orc zombies (Ossuary)
  16 rats
  A rat zombie (Ossuary)
120 creatures vanquished.

Notes
Turn   | Place    | Note
-------+----------+-------------------------------------------
     0 | D:1      | Kairos the Ghoul Necromancer began the quest for the Orb.
     0 | D:1      | Reached XP level 1. HP: 14/14 MP: 2/2
   538 | D:1      | Reached XP level 2. HP: 9/20 MP: 1/3
   810 | D:1      | Reached XP level 3. HP: 23/26 MP: 4/4
   867 | D:1      | Reached skill level 1 in Unarmed Combat
  1938 | D:2      | Reached XP level 4. HP: 20/33 MP: 1/6
  2139 | D:2      | Found a burning altar of Makhleb.
  2139 | D:2      | Found a shimmering altar of Xom.
  2532 | D:3      | Found a blossoming altar of Fedhas.
  2616 | D:3      | Reached XP level 5. HP: 39/39 MP: 5/7
  2622 | D:3      | Found a hazy altar of Hepliaklqana.
  2715 | D:3      | Reached skill level 5 in Necromancy
  2768 | D:3      | Found a faded altar of an unknown god.
  2845 | D:3      | Reached skill level 1 in Fighting
  3305 | D:4      | Reached XP level 6. HP: 33/47 MP: 6/9
  3341 | D:4      | Found the +0 pair of fencer's gloves {Riposte Dex+3}
  3831 | D:4      | Reached skill level 1 in Armour
  4123 | D:5      | Entered Level 5 of the Dungeon
  4160 | D:5      | Found a sand-covered staircase.
  4166 | Ossuary  | Entered an ossuary
  4220 | Ossuary  | Reached XP level 7. HP: 18/52 MP: 11/11
  4523 | Ossuary  | Learned a level 3 spell: Regeneration
  5330 | D:5      | Reached skill level 6 in Necromancy
  5748 | D:5      | Slain by a sky beast

Skill      XL: |  1  2  3  4  5  6  7 |
---------------+----------------------+-----
Dodging        | 2 |  2.4
Unarmed Combat | 1 2 3 |  3.7
Spellcasting   | 2 3 |  3.5
Necromancy     | 5 6 |  6.0
Fighting       | 1 2 |  2.0
Armour         | 1 |  1.4
Throwing       | |  0.3
Stealth        | |  2.8
Shields        | |  0.3

Action                   |  1- 3 |  4- 6 |  7- 9 || total
-------------------------+-------+-------+-------++-------
Melee: Unarmed           |   124 |   233 |   102 ||   459
Throw: Javelin           |       |       |    37 ||    37
 Cast: Pain              |    22 |    79 |    44 ||   145
Evoke: Wand              |       |       |     1 ||     1
  Use: Scroll            |     2 |     2 |     5 ||     9
       Potion            |       |     7 |     3 ||    10
 Stab: Sleeping          |     4 |     2 |       ||     6
       Invisible         |       |     3 |       ||     3
  Eat: Chunk             |    12 |    31 |     9 ||    52
Armor: Robe              |    20 |     7 |       ||    27
       Ring mail         |       |    46 |    30 ||    76
Dodge: Dodged            |    92 |   143 |    57 ||   292
       Deflected         |     8 |       |       ||     8
Block: Buckler           |       |    24 |    16 ||    40
